 Dungeon Crawl Stone Soup version 0.28.0-45-g0d030f2227 (webtiles) character file.

Game seed: 17923011470506131157

255054 MalarOregon the Warrior (level 19, 0/157 HPs)
             Began as a Palentonga Fighter on Apr 21, 2022.
             Was the Champion of the Shining One.
             Slain by an acid blob (12 damage)
             ... created by the Royal Jelly
             ... on level 5 of the Pits of Slime.
             The game lasted 02:37:26 (45960 turns).

MalarOregon the Warrior (Palentonga Fighter)       Turns: 45960, Time: 02:37:27

Health: 0/157      AC: 37    Str: 18 (19) XL:     19   Next: 3%
Magic:  24/35      EV:  1    Int: 12 (14) God:    the Shining One [******]
Gold:   1054       SH: 11    Dex:  8 (9)  Spells: 29/43 levels left

rFire   + + .      SeeInvis +   a - +4 eveningstar (protect)
rCold   + . .      Faith    .   o - +0 kite shield {reflect}
rNeg    + + +      Spirit   .   w - +0 plate armour {rC+}
rPois   +          Reflect  +   D - +1 helmet
rElec   +          Harm     .   j - +1 cloak {rPois}
rCorr   +          Rampage  .   P - +2 pair of gloves
Will    +....                   E - +0 barding
Stlth   ..........              O - amulet "Gyplasur" {Fragile rElec Regen+ rCorr}
HPRegen 1.16/turn               G - ring of protection from fire
MPRegen 0.24/turn               i - ring of protection from fire

@: hasted, glowing, curled up, very quick
A: large, rugged brown scales 3, see invisible, deformed body, roll 2, armoured
tail, reflexive curl, hooves 1, iridescent scales 1, clumsy 1, deterioration 1,
dopey 1, frail 1, screaming 1, subdued magic 1
}: 2/15 runes: decaying, gossamer
a: Rolling Charge, Renounce Religion, Divine Shield, Cleansing Flame, Summon
Divine Warrior, Brand Weapon With Holy Wrath


You were on level 5 of the Pits of Slime.
You worshipped the Shining One.
The Shining One was exalted by your worship.
You visited 7 branches of the dungeon, and saw 37 of its levels.
You also visited: Sewer, Ossuary, Gauntlet and Ice Cave.

You collected 3891 gold pieces.
You spent 2837 gold pieces at shops.


Innate Abilities, Weirdness & Mutations

You are completely covered in rugged brown scales. (AC +3, +7% HP)
You have supernaturally acute eyesight. (SInv)
Armour fits poorly on your strangely shaped body.
You can roll at foes to attack.
You have a long armoured tail.
You curl defensively after being hit. (AC +7*)
You have large cloven feet.
You are partially covered in iridescent scales. (AC +2)
You are clumsy. (Dex -2)
Your body sometimes deteriorates upon taking damage.
You are dopey. (Int -2)
You are frail. (-10% HP)
You occasionally shout uncontrollably at your foes.
Your spells are a little easier to cast, but a little less powerful.


   Skills:
 + Level 17.7 Fighting
 + Level 13.9 Maces & Flails
 + Level 11.9 Armour
 + Level 12.1 Shields
 + Level 12.6 Spellcasting
 - Level 6.8 Hexes
 - Level 8.3 Transmutations
 + Level 12.7 Invocations


You had 29 spell levels left.
You knew the following spells:

 Your Spells              Type           Power      Damage    Failure   Level
a - Poisonous Vapours     Pois/Air       10%        N/A       99%         2
q - Passwall              Tmut/Erth      10%        N/A       58%         2
x - Ensorcelled Hibernat  Hex/Ice        24%        N/A       69%         2
y - Olgreb's Toxic Radia  Pois           5%         N/A       100%        4
z - Fulminant Prism       Conj/Hex       6%         3d7       100%        4

Your spell library contained the following spells:

 Spells                   Type           Power      Damage    Failure   Level
 Beastly Appendage        Tmut           42%        N/A       8%          1
 Wereblood                Tmut           21%        N/A       12%         2
 Sting                    Tmut/Pois      52%        1d5       43%         1
 Spider Form              Tmut/Pois      13%        N/A       82%         3
 Dazzling Flash           Conj/Hex       24%        N/A       89%         3
 Inner Flame              Hex/Fire       12%        N/A       89%         3
 Portal Projectile        Hex/Tloc       24%        N/A       89%         3
 Blade Hands              Tmut           10%        N/A       94%         5
 Apportation              Tloc           10%        N/A       96%         1
 Foxfire                  Conj/Fire      20%        2x1d5     96%         1
 Freeze                   Ice            20%        1d4       96%         1
 Magic Dart               Conj           20%        1d4       96%         1
 Pain                     Necr           20%        1d5       96%         1
 Sandblast                Erth           10%        2d5       96%         1
 Call Imp                 Summ           5%         N/A       99%         2
 Scorch                   Fire           10%        2d6       99%         2
 Call Canine Familiar     Summ           5%         N/A       100%        3
 Conjure Flame            Conj/Fire      5%         6-21      100%        3
 Frozen Ramparts          Ice            10%        1d3       100%        3
 Mephitic Cloud           Conj/Pois/Air  5%         N/A       100%        3
 Stone Arrow              Conj/Erth      10%        3d7       100%        3
 Swiftness                Air            5%         N/A       100%        3
 Airstrike                Air            2%         N/A       100%        4
 Anguish                  Hex/Necr       6%         N/A       100%        4
 Animate Armour           Summ/Erth      10%        N/A       100%        4
 Flame Wave               Conj/Fire      5%         2d5       100%        4
 Hailstorm                Conj/Ice       5%         3d4       100%        4
 Leda's Liquefaction      Hex/Erth       6%         N/A       100%        4
 Summon Ice Beast         Ice/Summ       5%         N/A       100%        4
 Summon Lightning Spire   Summ/Air       5%         N/A       100%        4
 Agony                    Necr           5%         N/A       100%        5
 Alistair's Intoxication  Tmut/Pois      8%         N/A       100%        5
 Excruciating Wounds      Necr           2%         N/A       100%        5
 Freezing Cloud           Conj/Ice/Air   2%         6-21      100%        5
 Lightning Bolt           Conj/Air       2%         1d14      100%        5
 Silence                  Hex/Air        6%         N/A       100%        5
 Summon Mana Viper        Hex/Summ       12%        N/A       100%        5
 Conjure Ball Lightning   Conj/Air       2%         3x3d6     100%        6
 Summon Cactus Giant      Summ           2%         N/A       100%        6
 Monstrous Menagerie      Summ           2%         N/A       100%        7
 Spellforged Servitor     Conj/Summ      2%         N/A       100%        7
 Lehudib's Crystal Spear  Conj/Erth      2%         10d2      100%        8

Inventory:

Hand Weapons
 a - a +4 eveningstar of protection (weapon)
   (You acquired it on level 15 of the Dungeon)
 b - a +4 morningstar of holy wrath
   (You bought it in a shop on level 15 of the Dungeon)
Missiles
 f - 11 curare-tipped darts {!f}
 Y - a boomerang of dispersal (quivered) {!f}
Armour
 j - a +1 cloak of poison resistance (worn)
   (You took it off Maurice on level 8 of the Dungeon)
 o - a +0 kite shield of reflection (worn)
   (You took it off Donald on level 3 of the Spider Nest)
 w - a +0 plate armour of cold resistance (worn)
   (You found it in an ice cave)
 D - a +1 helmet (worn)
   (You found it on level 1 of the Dungeon)
 E - a +0 barding (worn)
   (You found it on level 5 of the Dungeon)
 P - a +2 pair of gloves (worn)
   (You found it on level 4 of the Lair of Beasts)
 S - a +1 chain mail of fire resistance
   (You took it off Donald on level 3 of the Spider Nest)
Jewellery
 i - a ring of protection from fire (right hand)
   (You found it on level 12 of the Dungeon)
 B - a ring of willpower
   (You found it on level 4 of the Dungeon)
 G - a ring of protection from fire (left hand)
   (You found it on level 3 of the Swamp)
 O - the amulet "Gyplasur" (around neck) {Fragile rElec Regen+ rCorr}
   (You found it on level 3 of the Lair of Beasts)

   [amulet of regeneration]

   rElec:     It insulates you from electricity.
   Regen:     It increases your rate of health regeneration.
   rCorr:     It protects you from acid and corrosion.
   Fragile:   It will be destroyed if unequipped.
 U - a ring of ice
   (You found it in an ice cave)
 W - the ring of Cenef {rF+ rN+}
   (You found it in a Gauntlet)

   [ring of positive energy]

   rF:        It protects you from fire.
   rN:        It protects you from negative energy.
Wands
 d - a wand of iceblast (52)
   (You found it on level 5 of the Dungeon)
 g - a wand of polymorph (24)
   (You found it on level 1 of the Lair of Beasts)
 t - a wand of flame (51)
   (You found it on level 4 of the Lair of Beasts)
 u - a wand of paralysis (26)
   (You found it on level 4 of the Dungeon)
 v - a wand of digging (7)
   (You found it on level 10 of the Dungeon)
 x - a wand of acid (21)
   (You took it off Maurice on level 8 of the Dungeon)
 H - a wand of mindburst (8)
   (You found it on level 14 of the Dungeon)
Scrolls
 l - 3 scrolls of fear
 r - a scroll of teleportation {@r4}
 s - 2 scrolls of amnesia
 z - 3 scrolls of fog
 A - 2 scrolls of magic mapping
 C - a scroll of summoning
 M - 7 scrolls of immolation {!r}
 N - 5 scrolls of vulnerability {!r}
 Z - 2 scrolls of holy word
Potions
 e - 6 potions of mutation {!q}
 h - a potion of haste {@q3}
 m - 9 potions of brilliance
 p - 8 potions of curing {@q1}
 q - 8 potions of lignification {!q}
 F - 5 potions of ambrosia
 J - 4 potions of resistance
 K - 2 potions of magic
 L - 2 potions of cancellation
 Q - 10 potions of flight
Miscellaneous
 c - a phial of floods
   (You found it on level 6 of the Lair of Beasts)
 y - a lightning rod (4/4) {!a}
   (You found it on level 14 of the Dungeon)
 R - a condenser vane
   (You found it on level 5 of the Lair of Beasts)

Dungeon Overview and Level Annotations

Branches:
Dungeon (15/15)            Temple (1/1) D:6            Lair (6/6) D:9
  Swamp (4/4) Lair:4       Spider (4/4) Lair:4        Slime (5/5) Lair:5
    Orc (2/2) D:10            Elf (0/3) Orc:2        Vaults (0/5) D:13
 Depths (0/4) D:15          Sewer (visited)         Ossuary (visited)
  IceCv (visited)         Gauntlet (visited)

Altars:
Ashenzari
Cheibriados
Dithmenos
Elyvilon
Fedhas
Gozag
Hepliaklqana
Kikubaaqudgha
Makhleb
Nemelex Xobeh
Okawaru
Qazlal
Ru
Sif Muna
Trog
Uskayaw
Vehumet
Wu Jian
Xom
Yredelemnul
Zin
The Shining One
Beogh
Jiyva

Shops:
D:11 =   D:12 ?   D:15 *([(   Orc:2 (!:[:

Annotations:
Slime:5 Royal Jelly

##..## #.................## ##.#
##..................# #..
##....J............### #J##
##....J.............## #.J#
##....................#
#####.####...................###
..#....#...................#...#
..........................###..#
...........J....@...........####
..............§JJJ.........##
..............☼JJ§§.J.....##
..............§J§J....#..##
..............○..§§..#####
....................##
..................J##
....................#
..................###


You could see the Royal Jelly (inner flame), 3 acid blobs, 2 azure jellies, 5
rockslimes and a quicksilver ooze.


Message History

The azure jelly hits you but does no damage.
Really read
M - 8 scrolls of immolation {!r}?
Really read the scroll of immolation?
As you read the scroll of immolation {!r}, it crumbles to dust.
The creatures around you are filled with an inner flame!
The Royal Jelly is engulfed in blazing flames.
Flame seeps out of the Royal Jelly.
The Royal Jelly shudders.
The Royal Jelly spits out another jelly.
The quicksilver ooze is engulfed in blazing flames.
The quicksilver ooze hits you.
You block the quicksilver ooze's attack.
The azure jelly hits you.
* * * LOW HITPOINT WARNING * * *
The azure jelly freezes you!! You resist.
* * * LOW HITPOINT WARNING * * *
Your body deteriorates!
You feel dopey.
The azure jelly hits you but does no damage. x3
The azure jelly is engulfed in blazing flames.
Flame seeps out of the azure jelly.
The azure jelly hits you but does no damage.
You block the azure jelly's attack.
The azure jelly hits you but does no damage. x2
The rockslime hits you!
* * * LOW HITPOINT WARNING * * *
You hold your ground!
The Royal Jelly is engulfed in blazing flames.
Flame seeps out of the Royal Jelly.
The Royal Jelly shudders.
The Royal Jelly spits out another jelly.
Unknown command.
As you read the scroll of fear, it crumbles to dust.
You assume a fearsome visage.
The rockslime looks frightened!
The azure jelly resists with some effort.
The Royal Jelly resists with almost no effort.
The quicksilver ooze is unaffected.
The azure jelly looks frightened!
The acid blob resists with almost no effort.
The rockslime looks frightened!
The quicksilver ooze is unaffected.
The quicksilver ooze is engulfed in blazing flames.
You kill the quicksilver ooze!
That felt strangely unrewarding.
The azure jelly is engulfed in blazing flames.
That felt strangely unrewarding.
The azure jelly explodes!
The fiery explosion engulfs the rockslime.
The rockslime resists.
Flame seeps out of the rockslime.
Your attack snaps the rockslime out of its fear.
The fiery explosion engulfs the acid blob!!
The fiery explosion engulfs you but does no damage.
You resist.
The fiery explosion engulfs the Royal Jelly!!
Flame seeps out of the Royal Jelly.
The Royal Jelly shudders vigorously.
The Royal Jelly spits out two more jellies.
The rockslime hits you but does no damage.
The Royal Jelly is engulfed in blazing flames.
Flame seeps out of the Royal Jelly.
The quicksilver ooze is engulfed in blazing flames.
A rockslime comes into view.
The acid blob is engulfed in blazing flames.
The rockslime quivers.
Unknown command.
Okay, then.
Okay, then.
Okay, then.
Okay, then.
Okay, then.
Okay, then.
Press: ? - help, v - describe, . - travel The floor, spattered with blood.
This square is lit by a halo.
There is a cloud of flame here.
Okay, then.
Press: ? - help, v - describe, . - travel
Here: the Royal Jelly (flame, severely wounded, inner flame, haloed)
The floor.
You feel yourself speed up.
You are engulfed in blazing flames.
You resist.
The quicksilver ooze is engulfed in blazing flames.
The acid blob spits acid at you.
The splash of acid hits you but does no damage.
The rockslime hits you!
* * * LOW HITPOINT WARNING * * *
You stumble backwards!
A rockslime comes into view.
The acid blob is engulfed in blazing flames.
The Royal Jelly is engulfed in blazing flames.
Flame seeps out of the Royal Jelly.
The Royal Jelly shudders.
The Royal Jelly spits out another jelly.
Okay, then.
Okay, then.
Okay, then.
You feel better.
The rockslime hits you but does no damage.
The quicksilver ooze is engulfed in blazing flames.
The acid blob is engulfed in blazing flames.
The acid blob hits you!
You die...

Skill      XL: |  1  2  3  4  5  6  7  8  9 10 11 12 13 14 15 16 17 18 |
---------------+-------------------------------------------------------+-----
Spellcasting   | 1 2 3 4 5 6 7 8 9 10 11 12 | 12.6
Transmutations | 1 2 3 4 5 6 7 8 |  8.3
Maces & Flails | 3 4 5 6 7 8 9 10 11 12 13 | 13.9
Armour         | 3 4 5 6 7 8 9 10 11 | 11.9
Shields        | 3 4 5 6 7 8 9 10 11 12 | 12.1
Fighting       | 4 5 12 13 14 15 16 17 | 17.7
Invocations    | 2 5 6 8 10 11 12 | 12.7
Hexes          | 2 5 6 |  6.8

Action                   |  1- 3 |  4- 6 |  7- 9 | 10-12 | 13-15 | 16-18 | 19-21 || total
-------------------------+-------+-------+-------+-------+-------+-------+-------++-------
Melee: Flail             |    58 |    65 |   208 |   380 |  1049 |       |       ||  1760
       Tailslap          |     2 |     6 |    29 |   107 |   339 |   550 |     3 ||  1036
       Whip              |       |       |     2 |   103 |    15 |       |       ||   120
       Eveningstar       |       |       |       |       |   430 |  1915 |    16 ||  2361
       Kick              |       |       |       |       |       |   918 |    13 ||   931
       Morningstar       |       |       |       |       |       |    51 |       ||    51
Throw: Dart              |       |       |     6 |    25 |     5 |    16 |       ||    52
       Boomerang         |       |       |       |       |       |     2 |       ||     2
Invok: Divine Shield     |       |       |       |     4 |     4 |     7 |       ||    15
       Cleansing Flame   |       |       |       |       |     7 |     4 |    10 ||    21
       Summon Divine War |       |       |       |       |       |     3 |       ||     3
 Abil: Rolling Charge    |     7 |     1 |     6 |    15 |    44 |   114 |       ||   187
Evoke: Wand              |       |       |     2 |     1 |     3 |    58 |       ||    64
       Condenser vane    |       |       |       |       |     3 |     3 |       ||     6
       Lightning rod     |       |       |       |       |       |     8 |       ||     8
       Phial of floods   |       |       |       |       |       |     1 |       ||     1
  Use: Potion            |     2 |       |     1 |     7 |     5 |    25 |     3 ||    43
       Scroll            |     5 |     2 |     7 |     4 |    18 |    21 |     5 ||    62
 Stab: Paralysed         |       |       |     2 |       |       |       |       ||     2
Armor: Scale mail        |    22 |       |       |       |    33 |       |       ||    55
       Ring mail         |     6 |    26 |   103 |    39 |       |       |       ||   174
       Chain mail        |       |       |       |   293 |   118 |       |       ||   411
       Skin              |       |       |       |     7 |     2 |       |       ||     9
       Plate armour      |       |       |       |       |   938 |  2244 |    67 ||  3249
Dodge: Dodged            |    12 |    21 |    74 |    97 |    83 |   120 |     7 ||   414
Block: Buckler           |     9 |    14 |    57 |    11 |       |       |       ||    91
       Kite shield       |       |       |       |   254 |   791 |  1424 |    30 ||  2499
       Reflection        |       |       |       |       |       |    17 |     2 ||    19

Levels and vault maps discovered:
D:1:      dpeg_arrival_windows_large_door, layout_loops_ring
D:2:      layout_basic, chequers_serial_rivers_marsh, guppyfry_early_orc_mine,
          uniq_sigmund, uniq_jessica, uniq_terence
D:3:      layout_basic
D:4:      layout_loops_cross, chequers_ossuary_entry_cave, serial_shops,
          kennysheep_little_box
D:5:      layout_gridville, serial_bayou_pond_e, uniq_crazy_yiuf_cottage,
          uniq_pikel
D:6:      layout_cave_pools, gammafunk_temple_overflow_wave, kennysheep_mini,
          minmay_temple_entry_glass, serial_bayou, serial_bayou_pond_a,
          serial_bayou_pond_a, serial_bayou_crossing, serial_bayou_lake_a,
          portal_sewer_entry_f, kennysheep_generic_room_12
D:7:      layout_cave_pods
D:8:      layout_basic, minmay_nine_imps, uniq_maurice, uniq_erica,
          uniq_gastronok
D:9:      layout_loops_ring, dpeg_oklobed_lair
D:10:     layout_loops_ring, mainiacjoe_overflow_surrounded_room,
          david_orc_1_choice, uniq_psyche
D:11:     layout_irregular_city, serial_shops, shop
D:12:     layout_rooms, special_room [special_room_orc], serial_shops,
          nicolae_shop_trees
D:13:     layout_basic, lightli_vaults_fourway_checkpoint
D:14:     layout_rooms, corexii_hall_statues_x, special_room [special_room_orc]
D:15:     gammafunk_enter_depths_forms, layout_loops_ring, serial_shops, shop,
          nicolae_shop_bloodbath_and_beyond, nicolae_shop_stone,
          nicolae_shop_statue_plus
Temple:   regret_index_temple_mists
Lair:1:   layout_misc_corridors, gauntlet_entry_generic, beast_lair_carwin_1,
          grunt_megastairs_1
Lair:2:   layout_regular_city, grunt_megastairs_3, serial_bayou_shore_a,
          lemuel_fruit_fields, infiniplex_staircase_pool
Lair:3:   hellmonk_destroyed_diamonds, layout_regular_city,
          infiniplex_staircase_pool_2
Lair:4:   layout_gridlike, minmay_swamp_entry_worms,
          hellmonk_spider_entry_life_and_decay, lookout_lair_type
Lair:5:   layout_cave_pods, dpeg_slime_entry_enclosed_altar, minivault_27,
          st_stairs_8
Lair:6:   evilmike_catoblepas_cave, layout_small_grid,
          portal_ice_cave_demonic_guard, basic_altar, serial_forest,
          infiniplex_forest_lined_4_way, infiniplex_forest_corner_1,
          infiniplex_forest_straight_5, infiniplex_forest_clump_long,
          infiniplex_forest_clump_double, infiniplex_forest_straight_2,
          infiniplex_forest_straight_2, infiniplex_forest_end_2,
          infiniplex_forest_straight_5, gammafunk_ghost_necromancy,
          eino_small_chamber_without_monster, nicolae_lair_time_for_slime,
          lemuel_fruit_tree
Swamp:1:  layout_falls_marsh, evilmike_swamp_ruin_rubble_1,
          nicolae_swamp_well_well_well
Swamp:2:  layout_basic_swamp, serial_swamp_ruin, evilmike_swamp_ruin_house_1,
          evilmike_swamp_ruin_house_6, evilmike_swamp_ruin_house_2, uniq_aizul
Swamp:3:  layout_falls_marsh, evilmike_swamp_ruin_house_5, uniq_mlioglotl
Swamp:4:  nzn_swamp_witches_coven, layout_basic_swamp, swamp_pool1
Spider:1: layout_cave_pods
Spider:2: layout_cave_pods
Spider:3: layout_cave_pods, nicolae_spider_twisty_arc_passages, uniq_donald,
          uniq_agnes
Spider:4: guppyfry_spider_rune, nicolae_spider_baby_got_redback, uniq_arachne
Slime:1:  layout_caves
Slime:2:  layout_caves, basic_altar
Slime:3:  cheibrodos_slime_lost_civilization_8, layout_caves,
          cheibrodos_slime_lost_civilization_4
Slime:4:  layout_caves
Slime:5
Orc:1:    cheibrodos_orc_arena, layout_caves, uniq_fannar
Orc:2:    kennysheep_orc_mage_school, layout_diamond_mine, basic_altar,
          serial_shops, nicolae_shop_overgrown_old_shop, uniq_jorgrun

Notes
Turn   | Place    | Note
-------+----------+-------------------------------------------
     0 | D:1      | MalarOregon the Palentonga Fighter began the quest for the
                  | Orb.
     0 | D:1      | Reached XP level 1. HP: 19/19 MP: 1/1
   132 | D:1      | Reached XP level 2. HP: 25/25 MP: 2/2
   294 | D:1      | You pick up a book of Burglary and begin reading...
   294 | D:1      | You add the spells Passwall, Ensorcelled Hibernation and
                  | Swiftness to your library.
   298 | D:1      | Learned a level 2 spell: Passwall
   863 | D:2      | Noticed Terence
   887 | D:2      | Killed Terence
   888 | D:2      | Reached skill level 1 in Spellcasting
   888 | D:2      | Reached XP level 3. HP: 19/31 MP: 4/4
  1115 | D:2      | Identified the +9 flail "Feifiud" {vorpal, rC- Str+3 Dex+4}
  1354 | D:2      | Noticed Jessica
  1355 | D:2      | Reached skill level 1 in Transmutations
  1355 | D:2      | Reached XP level 4. HP: 30/37 MP: 5/5
  1359 | D:2      | Killed Jessica
  1572 | D:2      | Noticed Sigmund
  1586 | D:2      | Killed Sigmund
  1587 | D:2      | Reached skill level 3 in Maces & Flails
  1587 | D:2      | Reached skill level 3 in Armour
  1587 | D:2      | Reached skill level 3 in Shields
  1587 | D:2      | Reached skill level 2 in Spellcasting
  1587 | D:2      | Reached skill level 2 in Transmutations
  1587 | D:2      | Reached XP level 5. HP: 44/44 MP: 6/8
  1587 | D:2      | Reached XP level 6. HP: 51/51 MP: 6/9
  1995 | D:2      | Reached skill level 4 in Fighting
  2509 | D:4      | Found Laagun's Distillery.
  2514 | D:4      | Bought a potion of brilliance for 44 gold pieces
  2514 | D:4      | Bought a potion of attraction for 33 gold pieces
  2514 | D:4      | Bought a potion of curing for 33 gold pieces
  2514 | D:4      | Bought a potion of curing for 33 gold pieces
  2514 | D:4      | Bought a potion of brilliance for 44 gold pieces
  2649 | D:4      | Found a sand-covered staircase.
  2657 | Ossuary  | Entered an ossuary
  2787 | Ossuary  | Gained mutation: You curl defensively after being hit. (AC
                  | +7*) [Palentonga growth]
  2787 | Ossuary  | Reached XP level 7. HP: 53/57 MP: 10/10
  3189 | D:4      | Bought 2 potions of cancellation for 176 gold pieces
  3755 | D:5      | Entered Level 5 of the Dungeon
  3763 | D:5      | Reached skill level 4 in Maces & Flails
  3763 | D:5      | Reached skill level 3 in Transmutations
  3904 | D:5      | Learned a level 2 spell: Ensorcelled Hibernation
  3933 | D:5      | Reached skill level 3 in Spellcasting
  4059 | D:5      | Noticed Pikel
  4078 | D:5      | Killed Pikel
  4079 | D:5      | Reached skill level 5 in Fighting
  4079 | D:5      | Reached skill level 4 in Armour
  4079 | D:5      | Reached skill level 4 in Shields
  4079 | D:5      | Reached XP level 8. HP: 53/66 MP: 11/13
  4478 | D:5      | Noticed a two-headed ogre
  4677 | D:5      | Reached skill level 4 in Transmutations
  4772 | D:5      | Found a runed translucent door.
  4773 | D:5      | Noticed Crazy Yiuf
  5800 | D:6      | Reached skill level 5 in Maces & Flails
  5823 | D:6      | Found a staircase to the Ecumenical Temple.
  5846 | D:6      | You add the spells Sting, Poisonous Vapours and Olgreb's
                  | Toxic Radiance to your library.
  5934 | D:6      | Reached skill level 4 in Spellcasting
  5957 | D:6      | Reached XP level 9. HP: 24/73 MP: 15/15
  5988 | D:6      | HP: 14/73 [electric eel/bolt of electricity (8)]
  5995 | D:6      | Found a glowing drain.
  6254 | Sewer    | Entered a sewer
  6638 | D:6      | Identified a potion of experience
  6640 | D:6      | Reached skill level 12 in Fighting
  6640 | D:6      | Reached XP level 10. HP: 97/97 MP: 16/16
  7074 | D:6      | Found an ornate altar of the Wu Jian Council.
  7074 | D:6      | Found a sparkling altar of Nemelex Xobeh.
  7112 | D:6      | Found a bloodstained altar of Trog.
  7318 | Temple   | Entered the Ecumenical Temple
  7487 | Temple   | Became a worshipper of the Shining One
  7708 | D:7      | Reached skill level 5 in Shields
  8495 | D:5      | Killed a two-headed ogre
  8496 | D:5      | Reached skill level 5 in Armour
  8496 | D:5      | Reached skill level 5 in Transmutations
  9196 | D:5      | Killed Crazy Yiuf
  9395 | D:8      | Noticed Erica
  9645 | D:8      | Killed Erica
  9913 | D:8      | Noticed a boulder beetle
  9915 | D:8      | Reached * piety under the Shining One
  9925 | D:8      | Noticed Maurice
  9940 | D:8      | Killed a boulder beetle
  9941 | D:8      | Reached skill level 13 in Fighting
  9961 | D:8      | Killed Maurice
  9962 | D:8      | Reached skill level 6 in Maces & Flails
  9962 | D:8      | Reached skill level 5 in Spellcasting
  9962 | D:8      | Reached XP level 11. HP: 37/104 MP: 18/18
 10530 | D:8      | Noticed Gastronok
 10536 | D:8      | Killed Gastronok
 10957 | D:9      | Found a staircase to the Lair.
 11268 | D:9      | Reached ** piety under the Shining One
 11472 | D:9      | Reached skill level 6 in Transmutations
 11559 | Lair:1   | Entered Level 1 of the Lair of Beasts
 11593 | Lair:1   | Reached skill level 6 in Shields
 11633 | Lair:1   | Found a gate leading to a gauntlet.
 11661 | Lair:1   | HP: 22/104 [wolf (7)]
 11682 | Lair:1   | Reached skill level 6 in Armour
 11691 | Gauntlet | Entered a Gauntlet
 11691 | Gauntlet | Noticed a sixfirhy
 11691 | Gauntlet | Found a transporter.
 11691 | Gauntlet | Found a transporter.
 12003 | Gauntlet | Noticed a steelbarb worm
 12006 | Gauntlet | Found a transporter.
 12009 | Gauntlet | Noticed a shock serpent
 12018 | Gauntlet | Found a transporter.
 12025 | Gauntlet | Noticed a two-headed ogre
 12025 | Gauntlet | a shock serpent changed into a two-headed ogre
 12036 | Gauntlet | Found a transporter.
 12036 | Gauntlet | Found a transporter.
 12036 | Gauntlet | Found a transporter.
 12038 | Gauntlet | Found a transporter.
 12038 | Gauntlet | Found a transporter.
 12040 | Gauntlet | Noticed a dire elephant
 12050 | Gauntlet | Found a transporter.
 12063 | Gauntlet | Found a runed translucent door.
 12065 | Gauntlet | Noticed a fire crab
 12067 | Gauntlet | Found a transporter.
 12075 | Gauntlet | Noticed a thrashing horror
 12076 | Gauntlet | Found a transporter.
 12090 | Gauntlet | Found a transporter.
 12103 | Gauntlet | Noticed a death scarab
 12110 | Gauntlet | Found a transporter.
 12212 | Gauntlet | Noticed a six-headed hydra
 12226 | Gauntlet | Noticed a sphinx
 12232 | Gauntlet | Killed a sixfirhy
 12234 | Gauntlet | Noticed an orb spider
 12247 | Gauntlet | Noticed a swamp dragon
 12247 | Gauntlet | an orb spider changed into a swamp dragon
 12279 | Gauntlet | Noticed a dire elephant
 12302 | Gauntlet | a swamp dragon changed into a faun
 12312 | Gauntlet | Noticed an emperor scorpion
 12312 | Gauntlet | a dire elephant changed into an emperor scorpion
 12320 | Gauntlet | Noticed a glowing orange brain
 12320 | Gauntlet | a faun changed into a glowing orange brain
 12337 | Gauntlet | Noticed a wolf spider
 12337 | Gauntlet | a glowing orange brain changed into a wolf spider
 12395 | Gauntlet | Noticed an ice dragon
 12395 | Gauntlet | a wolf spider changed into an ice dragon
 12416 | Gauntlet | Identified the amulet "Oduucug" {Acrobat rN+ Stlth+}
 12434 | Gauntlet | Noticed an entropy weaver
 12440 | Gauntlet | Killed a death scarab
 12440 | Gauntlet | Reached *** piety under the Shining One
 12441 | Gauntlet | Reached skill level 7 in Maces & Flails
 12477 | Gauntlet | Reached skill level 6 in Spellcasting
 12489 | Gauntlet | Killed a fire crab
 12509 | Gauntlet | Identified the ring of Cenef {rF+ rN+}
 12700 | Gauntlet | Identified the +3 spear of Change {flame, Contam *Slow
                  | rC+++ SInv}
 12700 | Gauntlet | Noticed a minotaur
 12708 | Gauntlet | Killed a minotaur
 12709 | Gauntlet | Reached XP level 12. HP: 84/113 MP: 21/21
 12830 | Gauntlet | You add the spells Spider Form, Fulminant Prism, Conjure
                  | Ball Lightning and Spellforged Servitor to your library.
 12830 | Gauntlet | Got the Papyrus of the Ego
 12830 | Gauntlet | You pick up a book of Party Tricks and begin reading...
 12830 | Gauntlet | You add the spells Apportation and Alistair's Intoxication
                  | to your library.
 12923 | Lair:1   | Learned a level 2 spell: Poisonous Vapours
 12928 | Lair:1   | Learned a level 4 spell: Olgreb's Toxic Radiance
 13220 | Lair:1   | Noticed a seven-headed hydra
 13228 | Lair:1   | Killed a seven-headed hydra
 13687 | Lair:2   | Reached skill level 7 in Transmutations
 13728 | Lair:2   | Noticed a five-headed hydra
 13735 | Lair:2   | Killed a five-headed hydra
 13936 | Lair:2   | HP: 28/113 [cane toad (17)]
 13941 | Lair:2   | HP: 17/113 [poisoned by a cane toad]
 14562 | Lair:2   | You pick up a book of Frost and begin reading...
 14562 | Lair:2   | You add the spells Freeze, Frozen Ramparts and Hailstorm to
                  | your library.
 14604 | Lair:2   | Noticed a six-headed hydra
 14612 | Lair:2   | Killed a six-headed hydra
 14754 | Lair:2   | You pick up a book of Weapons and begin reading...
 14754 | Lair:2   | You add the spells Portal Projectile, Excruciating Wounds
                  | and Blade Hands to your library.
 14773 | Lair:2   | Reached skill level 7 in Shields
 14773 | Lair:2   | Reached skill level 1 in Invocations
 14997 | Lair:2   | Reached skill level 14 in Fighting
 15182 | Lair:2   | You pick up a book of Flames and begin reading...
 15182 | Lair:2   | You add the spells Foxfire, Conjure Flame, Inner Flame and
                  | Flame Wave to your library.
 15381 | Lair:2   | Learned a level 4 spell: Fulminant Prism
 15393 | Lair:3   | Identified the amulet "Gyplasur" {Fragile rElec Regen+
                  | rCorr}
 15444 | Lair:3   | Noticed a six-headed hydra
 15450 | Lair:3   | Reached skill level 8 in Maces & Flails
 15454 | Lair:3   | Killed a six-headed hydra
 15455 | Lair:3   | Reached skill level 7 in Spellcasting
 15703 | Lair:3   | Reached skill level 2 in Invocations
 16373 | Lair:4   | Reached skill level 7 in Armour
 16413 | Lair:4   | Noticed a catoblepas
 16434 | Lair:4   | Killed a catoblepas
 16660 | Lair:4   | Found a staircase to the Swamp.
 16669 | Lair:4   | Reached XP level 13. HP: 92/120 MP: 23/23
 16843 | Lair:4   | Found a hole to the Spider Nest.
 17173 | Lair:5   | Reached skill level 3 in Invocations
 17292 | Lair:4   | Reached skill level 8 in Transmutations
 17440 | Lair:5   | Identified the +5 scale mail of the Shoals {Fly rF+ Will++}
 17917 | Lair:5   | Found a viscous altar of Jiyva.
 17917 | Lair:5   | Found a staircase to the Slime Pits.
 18122 | Lair:6   | Entered Level 6 of the Lair of Beasts
 18171 | Lair:6   | Found a frozen archway.
 18190 | IceCv    | Entered an ice cave
 18200 | IceCv    | Reached **** piety under the Shining One
 18437 | IceCv    | Reached ***** piety under the Shining One
 18646 | IceCv    | HP: 26/121 [death yak simulacrum (28)]
 18997 | IceCv    | Noticed a reaper
 19019 | IceCv    | Killed a reaper
 19020 | IceCv    | Reached skill level 4 in Invocations
 19078 | IceCv    | You add the spells Summon Lightning Spire and Freezing
                  | Cloud to your library.
 19078 | IceCv    | Got Pabruc's Tome of Flight and Transformation
 19131 | Lair:6   | Found a shimmering altar of Xom.
 19189 | Lair:6   | Reached skill level 1 in Hexes
 19385 | Lair:6   | Reached skill level 9 in Maces & Flails
 19387 | Lair:6   | Reached skill level 8 in Spellcasting
 19509 | Lair:6   | HP: 24/121 [torpor snail (11)]
 19632 | Lair:6   | Reached skill level 2 in Hexes
 19656 | Lair:6   | Reached skill level 8 in Shields
 19728 | Lair:6   | Reached skill level 5 in Invocations
 19729 | Lair:6   | Reached XP level 14. HP: 53/129 MP: 26/26
 19844 | Lair:6   | Reached skill level 8 in Armour
 19882 | Lair:6   | Reached skill level 3 in Hexes
 19994 | Lair:6   | Found a runed translucent gate.
 19995 | Lair:6   | Found a runed translucent gate.
 19996 | Lair:6   | Found a runed translucent gate.
 20181 | Lair:6   | Noticed a quicksilver ooze
 20186 | Lair:6   | Killed a quicksilver ooze
 20524 | Lair:6   | You pick up a book of Beasts and begin reading...
 20524 | Lair:6   | You add the spells Summon Ice Beast, Summon Mana Viper and
                  | Monstrous Menagerie to your library.
 20910 | Lair:6   | Reached skill level 4 in Hexes
 20910 | Lair:6   | Reached skill level 6 in Invocations
 20914 | Lair:6   | Reached skill level 15 in Fighting
 21138 | Lair:6   | Noticed Avve's ghost (journeyman DjCj)
 21153 | Lair:6   | Killed Avve's ghost
 21415 | D:10     | Entered Level 10 of the Dungeon
 21473 | D:10     | Found an iron altar of Okawaru.
 21564 | D:10     | Noticed Psyche
 21567 | D:10     | Killed Psyche
 21730 | D:10     | Found a staircase to the Orcish Mines.
 21733 | D:10     | Identified a scroll of acquirement
 21972 | D:10     | Reached skill level 10 in Maces & Flails
 22421 | D:11     | Found Jeteeloj's Jewellery Boutique.
 22427 | D:11     | Bought a ring of fire for 300 gold pieces
 22675 | D:11     | Reached skill level 9 in Spellcasting
 22682 | D:11     | You pick up a book of the Senses and begin reading...
 22682 | D:11     | You add the spells Dazzling Flash, Agony and Silence to
                  | your library.
 22848 | D:11     | HP: 29/131 [yaktaur (8)]
 23272 | D:11     | Found Jeteeloj's Jewellery Boutique.
 23826 | D:11     | Found Jeteeloj's Jewellery Boutique.
 24409 | D:12     | Reached skill level 5 in Hexes
 24443 | D:12     | Reached XP level 15. HP: 106/138 MP: 28/28
 24622 | D:12     | Found Polupsepu's Magic Scroll Shoppe.
 24629 | D:12     | Bought a scroll of teleportation for 45 gold pieces
 24629 | D:12     | Bought a scroll of vulnerability for 112 gold pieces
 24629 | D:12     | Bought a scroll of teleportation for 45 gold pieces
 24660 | D:12     | Reached ****** piety under the Shining One
 24690 | D:12     | Reached skill level 7 in Invocations
 25039 | D:13     | Found a gate to the Vaults.
 25093 | D:12     | Reached skill level 9 in Shields
 25985 | D:14     | Gained mutation: Your body sometimes deteriorates upon
                  | taking damage. [a neqoxec]
 26021 | D:14     | Reached skill level 9 in Armour
 26238 | D:14     | You fall into a shaft and drop 1 floor!
 26238 | D:15     | Entered Level 15 of the Dungeon
 26352 | D:15     | Acquired a +1 eveningstar of protection
 26487 | D:15     | Reached skill level 6 in Hexes
 26541 | D:15     | Found Hape's Weapon Shop.
 26559 | D:15     | Found Fuzeif's Armour Boutique.
 26655 | D:15     | Reached skill level 8 in Invocations
 26865 | D:15     | Found Obliag's Assorted Antiques.
 26873 | D:15     | Bought a scroll labelled FUUZIPP SISOSTROT for 45 gold
                  | pieces
 26873 | D:15     | Bought a potion of curing for 135 gold pieces
 26873 | D:15     | Bought a potion of curing for 135 gold pieces
 26873 | D:15     | Bought a moonstone ring for 225 gold pieces
 26873 | D:15     | Bought a runed garnet ring for 225 gold pieces
 26905 | D:15     | Found Toadosa's Weapon Emporium.
 27345 | D:15     | Found a staircase to the Depths.
 27409 | D:15     | You pick up a book of Pain and begin reading...
 27630 | D:14     | Reached skill level 11 in Maces & Flails
 27984 | Orc:1    | Entered Level 1 of the Orcish Mines
 28012 | Orc:1    | You fall into a shaft and drop 1 floor!
 28012 | Orc:2    | Entered Level 2 of the Orcish Mines
 28020 | Orc:2    | Noticed Jorgrun
 28039 | Orc:2    | HP: 30/139 [constriction (10)]
 28041 | Orc:2    | Killed Jorgrun
 28374 | Orc:2    | Found a staircase to the Elven Halls.
 28772 | Orc:1    | Noticed Fannar
 28794 | Orc:1    | Killed Fannar
 28795 | Orc:1    | Reached skill level 10 in Spellcasting
 29426 | D:15     | Bought a +4 morningstar of holy wrath for 379 gold pieces
 29457 | D:15     | Bought a wand of digging (4) for 360 gold pieces
 29592 | Orc:2    | Found Dad Coym's Antique Weapon Shop.
 29854 | Orc:2    | Reached XP level 16. HP: 147/147 MP: 30/30
 29939 | Orc:2    | Found a radiant altar of Vehumet.
 29950 | Orc:2    | Paralysed by an ogre mage for 5 turns
 29969 | Orc:2    | Found Xyjyf's Book Shop.
 29982 | Orc:2    | Noticed Nergalle
 29996 | Orc:2    | Killed Nergalle
 30019 | Orc:2    | Found an ancient bone altar of Kikubaaqudgha.
 30062 | Orc:2    | Found Widog's Book Boutique.
 30093 | Orc:2    | Found Atuts's Antique Armour Shop.
 30095 | Orc:2    | Found Tael's Distillery.
 30298 | Orc:2    | Bought 2 potions of brilliance for 96 gold pieces
 30298 | Orc:2    | Bought a potion of haste for 120 gold pieces
 30298 | Orc:2    | Bought a potion of curing for 36 gold pieces
 30298 | Orc:2    | Bought a potion of curing for 36 gold pieces
 30298 | Orc:2    | Bought a potion of curing for 36 gold pieces
 30298 | Orc:2    | Bought a potion of curing for 36 gold pieces
 30298 | Orc:2    | Bought a potion of heal wounds for 60 gold pieces
 30298 | Orc:2    | Bought a potion of brilliance for 48 gold pieces
 30498 | Spider:1 | Entered Level 1 of the Spider Nest
 30669 | Spider:1 | Identified the ring of Pragmatism {*Slow rF++ rC+ AC+4
                  | Stlth+}
 30804 | Spider:1 | HP: 30/147 [emperor scorpion (18)]
 30807 | Spider:1 | HP: 11/147 [emperor scorpion (17)]
 30810 | Spider:1 | Reached skill level 16 in Fighting
 30936 | Spider:1 | Reached skill level 9 in Invocations
 31640 | Spider:1 | HP: 24/147 [culicivora[a torpor snail] (16)]
 31890 | Spider:2 | Reached skill level 10 in Shields
 32465 | Spider:2 | Lost mutation: Your body sometimes deteriorates upon taking
                  | damage. [potion of mutation]
 32465 | Spider:2 | Gained mutation: You have large cloven feet. [potion of
                  | mutation]
 32465 | Spider:2 | Gained mutation: You have hidden genetic potential. [potion
                  | of mutation]
 32465 | Spider:2 | Gained mutation: You are agile. (Dex +2) [potion of
                  | mutation]
 32585 | Spider:2 | HP: 34/147 [wolf spider (11)]
 32586 | Spider:2 | HP: 4/147 [demonic crawler (16)]
 33011 | Spider:2 | Reached skill level 10 in Armour
 33565 | Spider:3 | You pick up a book of Changes and begin reading...
 33565 | Spider:3 | You add the spells Beastly Appendage and Wereblood to your
                  | library.
 33567 | Spider:3 | Noticed Donald
 33583 | Spider:3 | Killed Donald
 34092 | Spider:3 | You pick up a book of Armaments and begin reading...
 34092 | Spider:3 | You add the spells Stone Arrow, Animate Armour and
                  | Lehudib's Crystal Spear to your library.
 34132 | Spider:3 | Noticed Agnes
 34152 | Spider:3 | Killed Agnes
 34440 | Spider:4 | Entered Level 4 of the Spider Nest
 34616 | Spider:3 | Reached skill level 12 in Maces & Flails
 34657 | Spider:4 | HP: 23/148 [disintegration (18)]
 34662 | Spider:3 | HP: 28/148 [jumping spider (1)]
 34818 | Spider:3 | HP: 19/148 [pharaoh ant (21)]
 35110 | Spider:4 | Reached skill level 10 in Invocations
 35476 | Spider:4 | Noticed Arachne
 35628 | Spider:4 | Reached XP level 17. HP: 146/155 MP: 31/31
 35660 | Spider:4 | HP: 34/155 [poisoned by a redback]
 35665 | Spider:4 | HP: 22/155 [poisoned by a redback]
 35670 | Spider:4 | HP: 21/155 [poisoned by a redback]
 35936 | Spider:4 | Killed Arachne
 35937 | Spider:4 | Reached skill level 11 in Spellcasting
 36060 | Spider:4 | HP: 37/155 [broodmother (6)]
 36061 | Spider:4 | HP: 18/155 [wolf spider[a broodmother] (7)]
 36062 | Spider:4 | HP: 8/155 [tarantella[a broodmother] (11)]
 36260 | Spider:4 | You pick up a book of Scorching and begin reading...
 36260 | Spider:4 | You add the spells Scorch and Summon Cactus Giant to your
                  | library.
 36706 | Spider:4 | HP: 39/156 [jumping spider (4)]
 36711 | Spider:4 | HP: 36/156 [emperor scorpion (3)]
 36714 | Spider:4 | HP: 16/156 [emperor scorpion (18)]
 36714 | Spider:4 | HP: 5/156 [jumping spider (11)]
 37119 | Spider:4 | Gained mutation: You are partially covered in iridescent
                  | scales. (AC +2) [hidden potential]
 37205 | Spider:4 | Got a gossamer rune of Zot
 37549 | Swamp:1  | Entered Level 1 of the Swamp
 37637 | Swamp:1  | You pick up a book of Geomancy and begin reading...
 37671 | Swamp:1  | Identified the +0 leather armour of Wezasecen {Rampage
                  | rPois rC- Str-3}
 37689 | Swamp:1  | You pick up a book of the Hunter and begin reading...
 37689 | Swamp:1  | You add the spells Call Canine Familiar and Leda's
                  | Liquefaction to your library.
 38251 | Swamp:2  | Reached skill level 11 in Shields
 38255 | Swamp:2  | HP: 34/156 [goliath frog (15)]
 38558 | Swamp:2  | Reached skill level 11 in Invocations
 38669 | Swamp:2  | Identified the +2 ring mail of the Everdark {rPois MP+9
                  | Str+2 Int+3}
 39162 | Swamp:2  | Noticed Aizul
 39300 | Swamp:2  | Killed Aizul
 39564 | Swamp:3  | Reached skill level 17 in Fighting
 39647 | Swamp:3  | You pick up a book of Storms and begin reading...
 39647 | Swamp:3  | You add the spells Airstrike and Lightning Bolt to your
                  | library.
 39679 | Swamp:3  | Reached skill level 11 in Armour
 39749 | Swamp:3  | Noticed Mlioglotl
 39883 | Swamp:2  | Killed Mlioglotl
 40317 | Swamp:4  | Entered Level 4 of the Swamp
 40324 | Swamp:4  | Reached skill level 13 in Maces & Flails
 40346 | Swamp:4  | You pick up a book of Dreams and begin reading...
 40424 | Swamp:4  | HP: 25/157 [shambling mangrove (25)]
 40426 | Swamp:4  | HP: 8/157 [constriction (16)]
 40437 | Swamp:4  | HP: 26/157 [swamp worm/harpoon shot (5)]
 40443 | Swamp:4  | HP: 33/157 [will-o-the-wisp/foxfire (1)]
 40446 | Swamp:4  | HP: 15/157 [eleionoma/spray of wooden splinters (9)]
 40451 | Swamp:4  | HP: 19/157 [swamp worm (9)]
 40474 | Swamp:4  | Found the +8 glaive of the Guard {elec, spectral, AC+5}
 40477 | Swamp:4  | HP: 36/157 [spore (15)]
 40500 | Swamp:4  | Reached XP level 18. HP: 79/164 MP: 33/33
 41003 | Swamp:4  | Reached skill level 12 in Spellcasting
 41047 | Swamp:4  | You pick up a book of Minor Magic and begin reading...
 41047 | Swamp:4  | You add the spells Magic Dart, Call Imp and Mephitic Cloud
                  | to your library.
 41203 | Swamp:4  | Reached skill level 12 in Invocations
 41203 | Swamp:4  | Gained mutation: You can roll at foes to attack. [hidden
                  | potential]
 41203 | Swamp:4  | Lost mutation: You have hidden genetic potential. [hidden
                  | potential expressed]
 41222 | Swamp:4  | Got a decaying rune of Zot
 41670 | Slime:1  | Entered Level 1 of the Pits of Slime
 41833 | Slime:2  | HP: 41/165 [rockslime (15)]
 41839 | Slime:2  | Gained mutation: You are frail. (-10% HP) [a shining eye]
 42038 | Slime:1  | HP: 37/150 [azure jelly (3)]
 42045 | Slime:1  | HP: 25/150 [azure jelly (13)]
 42295 | Lair:5   | Found a viscous altar of Jiyva.
 42330 | Lair:5   | Found a staircase to the Slime Pits.
 42561 | Slime:1  | Gained mutation: You occasionally shout uncontrollably at
                  | your foes. [a shining eye]
 42932 | Slime:2  | Gained mutation: Your body sometimes deteriorates upon
                  | taking damage. [a shining eye]
 43223 | Slime:2  | HP: 36/150 [drowned by a quicksilver ooze (4)]
 43225 | Slime:2  | HP: 15/150 [drowned by a quicksilver ooze (5)]
 43230 | Slime:2  | HP: 12/150 [quicksilver ooze (9)]
 44481 | Slime:3  | HP: 36/150 [acid (2)]
 44483 | Slime:3  | HP: 8/150 [acid blob (11)]
 44484 | Slime:3  | The Shining One protects you from harm!
 44672 | Slime:4  | Gained mutation: Your spells are a little easier to cast,
                  | but a little less powerful. [a shining eye]
 44688 | Slime:4  | Reached skill level 12 in Shields
 44722 | Slime:4  | Paralysed by a great orb of eyes for 3 turns
 44980 | Slime:5  | Entered Level 5 of the Pits of Slime
 45111 | Slime:5  | Lost mutation: You are agile. (Dex +2) [a shining eye]
 45155 | Slime:4  | Gained mutation: You are clumsy. (Dex -2) [a shining eye]
 45157 | Slime:4  | Gained mutation: You are dopey. (Int -2) [a shining eye]
 45649 | Slime:4  | Reached XP level 19. HP: 128/157 MP: 35/35
 45699 | Slime:5  | Noticed the Royal Jelly
 45826 | Slime:4  | HP: 36/157 [acid[the Royal Jelly] (4)]
 45957 | Slime:5  | HP: 24/157 [azure jelly[the Royal Jelly] (18)]
 45959 | Slime:5  | HP: 5/157 [rockslime[the Royal Jelly] (14)]
 45960 | Slime:5  | Slain by an acid blob

Vanquished Creatures
  Arachne (Spider:4)
  Jorgrun (Orc:2)
  Mlioglotl (Swamp:2)
  12 acid blobs
  Agnes (Spider:3)
  3 thorn hunters
  Gastronok (D:8)
  Donald (Spider:3)
  4 fenstrider witches (Swamp:4)
  5 rockslimes
  7 azure jellies
  4 ghost moths
  Aizul (Swamp:2)
  5 emperor scorpions
  A ghoul (Swamp:4)
  8 broodmothers
  2 reapers
  The ghost of Avve the Eclecticist, a journeyman DjCj of Gozag (Lair:6)
  A very ugly thing (D:15)
  6 quicksilver oozes
  4 eleionomae
  4 bunyips
  A minotaur (Gauntlet)
  3 spark wasps
  An entropy weaver (Spider:2)
  An ettin (Orc:1)
  A green death (Swamp:4)
  3 shambling mangroves
  5 great orbs of eyes
  Fannar (Orc:1)
  2 rakshasas (D:15)
  10 hydras
  4 vault guards
  2 boulder beetles
  2 ghost crabs (Swamp:1)
  4 ogre magi
  4 catoblepae
  A spriggan air mage (Swamp:4)
  A jorogumo (Spider:2)
  7 two-headed ogres
  7 alligators
  Erica (D:8)
  A radroach (Spider:3)
  2 centaur warriors
  11 death yaks (Lair:6)
  A tengu warrior (D:15)
  A death scarab (Gauntlet)
  An orc high priest (Orc:2)
  3 spriggan berserkers
  Nergalle (Orc:2)
  2 soul eaters (Swamp:4)
  A spectral death yak (Lair:6)
  2 pharaoh ants
  A fire crab (Gauntlet)
  3 goliath frogs
  A sixfirhy (Gauntlet)
  6 skeletal warriors
  2 spriggan druids
  A sun moth (Spider:4)
  4 steelbarb worms
  11 orb spiders
  5 swamp dragons
  8 bog bodies
  3 deep elf pyromancers (Swamp:4)
  A deep elf zephyrmancer (Swamp:4)
  2 wizards
  Pikel (D:5)
  A spectral hydra (Lair:6)
  15 wolf spiders
  17 ugly things
  2 orc knights (Orc:1)
  A manticore (shapeshifter) (D:15)
  6 cyclopes
  11 orc sorcerers
  Maurice (D:8)
  5 will-o-the-wisps
  4 manticores
  3 moths of wrath
  5 shining eyes
  An ice statue (IceCv)
  10 elephants (Lair:6)
  8 black mambas
  An eye of devastation (Slime:3)
  A gargoyle (D:12)
  7 torpor snails
  6 orange demons (Swamp:4)
  A kobold demonologist (D:14)
  13 cane toads
  An efreet (D:14)
  A rime drake (Lair:4)
  Psyche (D:10)
  5 demonic crawlers
  10 komodo dragons
  A komodo dragon (shapeshifter) (D:15)
  An anaconda simulacrum (IceCv)
  3 ice devils
  A freezing wraith (IceCv)
  7 yaktaurs
  6 meliai
  2 polar bears
  5 trolls
  4 tyrant leeches
  24 tarantellas
  14 hornets
  10 blink frogs
  84 slime creatures
  4 dream sheep
  Sigmund (D:2)
  22 culicivoras
  A shadow (D:11)
  A culicivora (shapeshifter) (D:14)
  26 jumping spiders
  A snapping turtle (shapeshifter) (D:11)
  2 vampires (D:12)
  A dire elephant simulacrum (IceCv)
  6 wyverns
  5 fire bats (Gauntlet)
  6 wraiths
  6 spriggans
  3 basilisks
  2 golden eyes (Slime:5)
  48 yaks
  2 spectral komodo dragons (Lair:6)
  A steam dragon (D:9)
  6 death yak simulacra (IceCv)
  3 chaos spawn (Swamp:4)
  46 redbacks
  A neqoxec (Swamp:4)
  3 vampire mosquitoes
  18 swamp worms
  A warg (Orc:2)
  3 acid dragons
  A hydra simulacrum (Lair:6)
  A hell hound (Gauntlet)
  16 water moccasins
  A swamp drake (Swamp:2)
  A spectral torpor snail (Gauntlet)
  31 orc warriors
  An ice beast (D:8)
  2 hornet zombies
  2 black bears
  8 centaurs
  10 ogres
  12 wolves
  3 phantoms
  16 bullfrogs
  3 kobold brigands
  2 scorpions (D:4)
  4 two-headed ogre simulacra (IceCv)
  5 elephant simulacra (IceCv)
  3 killer bees (D:8)
  3 electric eels (D:6)
  A howler monkey (D:6)
  5 crimson imps (D:8)
  2 centaur zombies
  15 orc priests
  A bullfrog skeleton (D:6)
  6 hounds
  6 jellies
  A centaur skeleton (D:6)
  Terence (D:2)
  Jessica (D:2)
  6 iguanas
  30 orc wizards
  Crazy Yiuf (D:5)
  7 spriggan simulacra (IceCv)
  4 troll simulacra (IceCv)
  2 polar bear simulacra (IceCv)
  8 mummies (Ossuary)
  A howler monkey zombie (D:7)
  A gnoll (D:1)
  5 adders
  3 naga simulacra (IceCv)
  2 shadow imps
  11 white imps
  9 ufetubi
  An adder skeleton (D:5)
  3 dart slugs
  83 orcs
  5 ball pythons
  2 endoplasms
  2 giant cockroaches
  2 gnoll zombies (Ossuary)
  15 goblins
  8 hobgoblins
  2 jackals (D:2)
  18 kobolds
  5 quokkas
  6 bats
  2 frilled lizards (Sewer)
  2 hobgoblin zombies (Ossuary)
  A jackal skeleton (D:4)
  3 kobold zombies (Ossuary)
  An orc zombie (Ossuary)
  11 rats
1154 creatures vanquished.

Vanquished Creatures (collateral kills)
  A thorn hunter (Swamp:4)
  2 rockslimes
  A quicksilver ooze (Slime:2)
  An entropy weaver (Spider:3)
  2 hydras (Swamp:4)
  A wolf spider (Spider:2)
  A will-o-the-wisp (Swamp:4)
  A hellwing (Swamp:4)
  A tyrant leech (Swamp:4)
  A slime creature (Slime:3)
  A neqoxec (Swamp:4)
  A swamp worm (Swamp:4)
14 creatures vanquished.

Vanquished Creatures (others)
  3 bloated husks
  A jumping spider (Spider:2)
  3 orc wizards (Orc:2)
  3 bushes (Lair:6)
  16 foxfires
  42 fungi
  151 plants
219 creatures vanquished.

Grand Total: 1387 creatures vanquished

Table legend:
 A = Non-vault XP
 B = Vault XP
 C = Vault XP percentage of total XP
 D = Non-vault monster count
 E = Vault monster count
 F = Vault count percentage of total count
                 A         B        C        D         E       F
            +---------+---------+-------+---------+---------+-------
      Total |  246874 |  130037 |  34.5 |     736 |     426 |  36.7
            +---------+---------+-------+---------+---------+-------
        D:1 |      33 |       0 |   0.0 |      12 |       0 |   0.0
        D:2 |     108 |     322 |  74.9 |      18 |      10 |  35.7
        D:3 |      76 |       0 |   0.0 |      11 |       0 |   0.0
        D:4 |     285 |       0 |   0.0 |      20 |       0 |   0.0
        D:5 |    1474 |     653 |  30.7 |      14 |       2 |  12.5
        D:6 |     928 |      16 |   1.7 |      25 |       4 |  13.8
        D:7 |    1270 |       0 |   0.0 |      15 |       0 |   0.0
        D:8 |    1570 |    3068 |  66.1 |      12 |      12 |  50.0
        D:9 |    1763 |       0 |   0.0 |      14 |       0 |   0.0
       D:10 |    3684 |     873 |  19.2 |      12 |      10 |  45.5
       D:11 |    5698 |       0 |   0.0 |      26 |       0 |   0.0
       D:12 |    8266 |    2047 |  19.8 |      17 |      25 |  59.5
       D:13 |    1254 |    6049 |  82.8 |       7 |      11 |  61.1
       D:14 |    6568 |    1346 |  17.0 |      16 |      26 |  61.9
       D:15 |   14334 |    5696 |  28.4 |      30 |       8 |  21.1
     Lair:1 |    3647 |    1302 |  26.3 |      14 |      10 |  41.7
     Lair:2 |    4745 |    1777 |  27.2 |      16 |       4 |  20.0
     Lair:3 |    3457 |       0 |   0.0 |      13 |       0 |   0.0
     Lair:4 |    4264 |    1325 |  23.7 |      12 |       6 |  33.3
     Lair:5 |    8289 |     447 |   5.1 |      25 |       1 |   3.8
     Lair:6 |   19318 |   15923 |  45.2 |      48 |      39 |  44.8
    Swamp:1 |    8561 |       0 |   0.0 |      17 |       0 |   0.0
    Swamp:2 |   16111 |    3055 |  15.9 |      31 |       2 |   6.1
    Swamp:3 |    8611 |       0 |   0.0 |      17 |       0 |   0.0
    Swamp:4 |   13280 |   27833 |  67.7 |      24 |      39 |  61.9
   Spider:1 |   15638 |       0 |   0.0 |      37 |       0 |   0.0
   Spider:2 |   15710 |       0 |   0.0 |      44 |       0 |   0.0
   Spider:3 |   12544 |    2864 |  18.6 |      31 |       2 |   6.1
   Spider:4 |   14869 |   24103 |  61.8 |      30 |      51 |  63.0
    Slime:1 |   10444 |       0 |   0.0 |      31 |       0 |   0.0
    Slime:2 |   17824 |       0 |   0.0 |      33 |       0 |   0.0
    Slime:3 |   10783 |       0 |   0.0 |      17 |       0 |   0.0
    Slime:4 |    3213 |    7899 |  71.1 |       9 |       6 |  40.0
    Slime:5 |    2256 |    1775 |  44.0 |       4 |       2 |  33.3
      Orc:1 |    2671 |    2631 |  49.6 |      20 |      19 |  48.7
      Orc:2 |    3328 |    8968 |  72.9 |      14 |      32 |  69.6
      Sewer |       0 |     227 | 100.0 |       0 |      27 | 100.0
    Ossuary |       0 |     152 | 100.0 |       0 |      16 | 100.0
      IceCv |       0 |    5085 | 100.0 |       0 |      48 | 100.0
   Gauntlet |       0 |    4601 | 100.0 |       0 |      14 | 100.0
            +---------+---------+-------+---------+---------+-------

Illustrated notes

Table legend:
 A = Kills in this place as a percentage of kills in entire the game.
 B = Kills by you in this place as a percentage of kills by you in the entire game.
 C = Kills by friends in this place as a percentage of kills by friends in the entire game.
 D = Other kills in this place as a percentage of other kills in the entire game.
 E = Experience gained in this place as a percentage of experience gained in the entire game.
 F = Experience gained in this place divided by the number of levels of this place that you have seen.
                   A       B       C       D       E      F
               +-------+-------+-------+-------+-------+----------------------
         Total | 100.0 | 100.0 | 100.0 | 100.0 | 100.0 | 9193.0
       Dungeon |  30.7 |  31.5 |   0.0 |   0.0 |  17.9 | 4492.1
          Lair |  16.2 |  16.6 |   0.0 |   0.0 |  17.1 | 10749.0
         Swamp |  11.2 |  10.6 |  57.1 |  14.3 |  20.5 | 19362.8
   Spider Nest |  16.8 |  16.0 |  14.3 |  78.6 |  22.7 | 21432.0
    Slime Pits |   8.8 |   8.6 |  28.6 |   0.0 |  14.4 | 10838.8
  Orcish Mines |   7.3 |   7.4 |   0.0 |   7.1 |   4.7 | 8799.0
         Sewer |   2.3 |   2.4 |   0.0 |   0.0 |   0.1 | 227.0
       Ossuary |   1.4 |   1.4 |   0.0 |   0.0 |   0.0 | 152.0
      Ice Cave |   4.1 |   4.2 |   0.0 |   0.0 |   1.3 | 5085.0
      Gauntlet |   1.2 |   1.2 |   0.0 |   0.0 |   1.2 | 4601.0
               +-------+-------+-------+-------+-------+----------------------

Table legend: (Time is in decaauts)
 A = Elapsed time spent in this place.
 B = Non-inter-level travel time spent in this place.
 C = Inter-level travel time spent in this place.
 D = Time resting spent in this place.
 E = Time spent auto-exploring this place.
 F = Levels seen in this place.
 G = Mean time per level.
                   A        B        C        D        E       F      G
               +--------+--------+--------+--------+--------+-----+--------+
         Total |  46611 |  43215 |   3396 |   7973 |  25124 |  41 | 1136.9 |
       Dungeon |  17869 |  16409 |   1460 |   1251 |  12150 |  15 | 1191.3 |
        Temple |    237 |    190 |     47 |      0 |    164 |   1 |  237.0 |
          Lair |   8261 |   7643 |    618 |   1155 |   4747 |   6 | 1376.8 |
         Swamp |   4311 |   4056 |    255 |    564 |   2347 |   4 | 1077.8 |
   Spider Nest |   7099 |   6534 |    565 |   2066 |   2515 |   4 | 1774.8 |
    Slime Pits |   3917 |   3720 |    197 |   1657 |   1100 |   5 |  783.4 |
  Orcish Mines |   2109 |   1856 |    253 |    263 |   1025 |   2 | 1054.5 |
         Sewer |    308 |    308 |      0 |      0 |    203 |   1 |  308.0 |
       Ossuary |    459 |    459 |      0 |     99 |    222 |   1 |  459.0 |
      Ice Cave |    915 |    915 |      0 |    295 |    348 |   1 |  915.0 |
      Gauntlet |   1121 |   1121 |      0 |    621 |    300 |   1 | 1121.0 |
               +--------+--------+--------+--------+--------+-----+--------+

Top non-repeatable levels by time:
     D:5: 2804 daAuts
Spider:4: 2344 daAuts
  Lair:6: 2257 daAuts
    D:11: 1867 daAuts
Spider:2: 1638 daAuts
     D:8: 1594 daAuts
Spider:1: 1582 daAuts
  Lair:2: 1542 daAuts
Spider:3: 1533 daAuts
  Lair:5: 1412 daAuts
     D:6: 1407 daAuts
    D:15: 1374 daAuts
 Swamp:4: 1344 daAuts
 Swamp:2: 1331 daAuts
    D:10: 1200 daAuts
